 Dungeon Sprint DCSS version 0.21.1-1-g345015f (webtiles) character file.

487 Psiloshibe the Protected (level 7, -4/64 HPs)
             Began as a Barachi Fighter on June 24, 2018.
             Was a Believer of Makhleb.
             Slain by a jumping spider (11 damage)
             ... in the Dungeon (Sprint V: "Ziggurat Sprint").
             The game lasted 00:01:35 (150 turns).

Psiloshibe the Protected (Barachi Fighter)           Turns: 150, Time: 00:01:36

Health: -4/64      AC: 29    Str: 31    XL:     7   Next: 13%
Magic:  7/7        EV:  2    Int:  9    God:    Makhleb [**....]
Gold:   0          SH:  0    Dex: 11    Spells: 6/6 levels left

rFire    . . .     SeeInvis .   G - +6 shillelagh "Devastator" {shatter}
rCold    . . .     Gourm    .   I - +18 shield of the Gong {rElec rN+ MR+ EV-5}
rNeg     + . .     Faith    .   H - +15 Maxwell's patent armour {-Cast -Tele rElec MR+ rCorr}
rPois    .         Spirit   .   (no helmet)
rElec    +         Reflect  .   (no cloak)
rCorr    +         Harm     .   (no gloves)
MR       ++...     NoTele   +   (no boots) Stlth ..........NoCast +
                                (no amulet)
HPRegen  0.20/turn              B - +6 ring of strength
MPRegen  0.10/turn              C - +6 ring of strength

@: confused, slow
A: +LOS, swims, slowness 1, strong legs 1
a: Hop, Minor Destruction, Renounce Religion


You were in the Dungeon.
You worshipped Makhleb.
Makhleb was pleased with you.
You were not hungry.

You visited 1 branch

Inventory:

Hand Weapons
 a - a +0 long sword
 G - the +6 shillelagh "Devastator" (weapon) {shatter}
   (You found it in the Dungeon)
Armour
 H - the +15 Maxwell's patent armour (worn) {-Cast -Tele rElec MR+ rCorr}
   (You found it in the Dungeon)

   It insulates you from electricity.
   It affects your resistance to hostile enchantments.
   It prevents spellcasting.
   It prevents most forms of teleportation.
   It protects you from acid and corrosion.
 I - the +18 shield of the Gong (worn) {rElec rN+ MR+ EV-5}
   (You found it in the Dungeon)

   It affects your evasion (-5).
   It insulates you from electricity.
   It protects you from negative energy.
   It affects your resistance to hostile enchantments.
Jewellery
 c - an uncursed amulet of harm
 B - a +6 ring of strength (left hand)
 C - a +6 ring of strength (right hand)
Wands
 D - a wand of disintegration (7)
 E - a wand of iceblast (7)
 F - a wand of acid (7)
Scrolls
 k - 4 scrolls of blinking
 q - 4 scrolls of amnesia
 r - 7 scrolls of fog
 s - a scroll of holy word
 t - 5 scrolls of identify
 u - 5 scrolls of remove curse
 v - 2 scrolls of fear
 y - a scroll of brand weapon
Potions
 d - 6 potions of might
 e - 10 potions of curing
 g - 10 potions of heal wounds
 h - 6 potions of haste
 i - 7 potions of magic
 j - 3 potions of berserk rage
 l - 2 potions of brilliance
 m - 2 potions of invisibility
 n - 4 potions of resistance
 o - a potion of experience
 p - 5 potions of agility
Miscellaneous
 b - a lamp of fire
 w - a lightning rod (4/4)
Comestibles
 f - 7 rations
 x - 5 chunks of flesh


   Skills:
 + Level 9.6 Fighting
 + Level 4.8 Long Blades
 * Level 6.3 Throwing
 + Level 9.7 Armour
 + Level 8.7 Shields


You had 6 spell levels left.
You didn't know any spells.

Dungeon Overview and Level Annotations

Branches:
Dungeon (1/1)

Altars:
Ashenzari
Cheibriados
Dithmenos
Elyvilon
Fedhas
Gozag
Hepliaklqana
Kikubaaqudgha
Makhleb
Nemelex Xobeh
Okawaru
Qazlal
Ru
Sif Muna
Trog
Uskayaw
Vehumet
Wu Jian
Xom
Yredelemnul
Zin
The Shining One
Beogh
Jiyva
Lugonu

Annotations:
D 1 transporter


Innate Abilities, Weirdness & Mutations

Shadows flee at your approach. (+LOS)
You can swim through water.
You cover ground slowly.
You can hop short distances.


Message History

The jumping spider bites you.
The tarantella bites you but does no damage. x2
The jumping spider pounces on you!
The jumping spider bites you but does no damage.
The tarantella bites you!
* * * LOW HITPOINT WARNING * * *
You hit the tarantella.
The tarantellas and the jumping spider shudder.
The tarantella is almost dead.
The jumping spider is moderately wounded.
The tarantella is heavily wounded.
The tarantella is almost dead.
The tarantella bites you but does no damage.
The jumping spider pounces on you but does no damage.
The jumping spider bites you but does no damage.
The tarantella bites you but does no damage.
The tarantella bites you!
* * * LOW HITPOINT WARNING * * *
The jumping spider pounces on you!
You die...

▓▓▓▓▓▓▓▓▓▓▓▓▓▓▓▓▓▓▓
▓.8©8.▓.8©8.▓.8©8.▓
▓.})=.▓...=.▓.....▓
▓..)..▓.....▓.....▓
▓.....▓..)).▓.....▓
▓..†..▓...).▓..)).▓
▓..ss.▓.....▓..©..▓
▓..s@.▓..©..▓▓▓▓▓▓▓
▓▓▓▓▓▓▓▓▓▓▓▓▓


You could see a jumping spider and 2 tarantellas.

Vanquished Creatures
  2 spriggans (D)
  A tarantella (D)
  An orc priest (D)
  2 orcs (D)
6 creatures vanquished.

Notes
Turn   | Place    | Note
-------+----------+-------------------------------------------
     0 | D        | Found the +6 Majin-Bo {vamp, Archmagi MP+6 Int+6}
     0 | D        | Found the +7 great mace "Firestarter" {inner flame, rF++}
     0 | D        | Psiloshibe the Barachi Fighter began the quest for the Orb.
     0 | D        | Reached XP level 1. HP: 18/18 MP: 1/1
     1 | D        | Found a transporter.
     1 | D        | Found an ancient bone altar of Kikubaaqudgha.
     1 | D        | Found a viscous altar of Jiyva.
     1 | D        | Found a corrupted altar of Lugonu.
     1 | D        | Found a hazy altar of Hepliaklqana.
     1 | D        | Found a burning altar of Makhleb.
     1 | D        | Found an opulent altar of Gozag.
    25 | D        | Found the +9 heavy crossbow "Sniper" {velocity, Acc+∞ SInv}
    25 | D        | Found the +10 dark maul {crush}
    25 | D        | Found the +15 Maxwell's patent armour {-Cast -Tele rElec MR+ rCorr}
    25 | D        | Found the +18 shield of the Gong {rElec rN+ MR+ EV-5}
    25 | D        | Found the cursed +14 obsidian axe {chop, +Fly SInv *Curse}
    28 | D        | Found the +6 shillelagh "Devastator" {shatter}
    28 | D        | Found the +11 plutonium sword {*Contam Stlth-}
    28 | D        | Found the +8 lance "Wyrmbane" {slay drac, rPois rF+ rC+ AC+3}
    28 | D        | Found the +9 sword of Zonguldrok {reap}
    28 | D        | Found the cursed +13 scythe of Curses {drain, *Curse}
    28 | D        | Found the +0 sword of Power
    28 | D        | Found the +14 mace of Variability {chaos}
    28 | D        | Found the +7 Singing Sword
    28 | D        | Found the +7 longbow "Piercer" {penet, EV-2}
    88 | D        | Became a worshipper of Makhleb the Destroyer
    96 | D        | Entered arena 2.
    96 | D        | Noticed a spriggan
    96 | D        | Noticed a spriggan
    96 | D        | Found a transporter.
    99 | D        | Killed a spriggan
    99 | D        | Reached XP level 2. HP: 31/31 MP: 2/2
    99 | D        | Reached XP level 3. HP: 36/36 MP: 3/3
    99 | D        | Reached XP level 4. HP: 43/43 MP: 4/4
    99 | D        | Reached XP level 5. HP: 48/48 MP: 5/5
    99 | D        | Killed a spriggan
    99 | D        | Reached skill level 5 in Throwing
    99 | D        | Reached XP level 6. HP: 57/57 MP: 6/6
   124 | D        | Entered arena 3.
   124 | D        | Found a transporter.
   127 | D        | Reached * piety under Makhleb
   144 | D        | Entered arena 4.
   144 | D        | Noticed a jumping spider
   144 | D        | Noticed a tarantella
   144 | D        | Noticed a tarantella
   144 | D        | Noticed a tarantella
   144 | D        | Found a transporter.
   147 | D        | Killed a tarantella
   147 | D        | Reached ** piety under Makhleb
   147 | D        | Reached XP level 7. HP: 44/64 MP: 7/7
   150 | D        | Slain by a jumping spider

Skill      XL: |  1  2  3  4  5  6 |
---------------+-------------------+-----
Fighting       | 7 8 9 |  9.6
Long Blades    | 3 4 |  4.8
Throwing       | 4 5 6 |  6.3
Armour         | 7 8 9 |  9.7
Shields        | 6 7 8 |  8.7

Action                   |  1- 3 |  4- 6 |  7- 9 || total
-------------------------+-------+-------+-------++-------
Melee: Shillelagh        |     1 |     4 |     2 ||     7
       Long sword        |     1 |       |       ||     1
Armor: Plate armour      |     1 |     6 |    18 ||    25
Dodge: Dodged            |       |       |     1 ||     1
Block: Shield            |     3 |     2 |       ||     5
